Workbook

Sheet 3.3. Jurídica
C1: IMAGROUP COLOMBIA S.A.S | F1: REQUERIDO | G1: RED LOGISTICA Y GESTION S.A.S | J1: REQUERIDO | K1: 4E S.A.S
C2: NIT. 900.075.108-3 | D2: FOLIO FÍSICO N° | E2: OBSERVACIÓN | G2: NIT.900188352-1 | H2: FOLIO FÍSICO N° | I2: OBSERVACIÓN | K2: NIT. 900365212-6 | L2: FOLIO FÍSICO N° | M2: OBSERVACIÓN | N2: REQUERIDO
A3: UBICACIÓN PLIEGO | B3: DESCRIPCIÓN REQUISITO | C3: APORTADO | G3: APORTADO | K3: APORTADO
A4: 3.3.1 | B4: Carta de presentación (Anexo N° 1) | C4: APORTADO | D4: 1-2 | E4: folios por ambas caras | F4: NO | G4: APORTADO | H4: 1-3 | I4: Ninguna | J4: NO | K4: APORTADO Firmado por Dany Acevedo Peña cc 8.162.449 Represente legal suplente | L4: 1-2 | M4: Ninguna | N4: NO
A5: 3.3.2 | B5: Documento identidad del representante legal | C5: APORTADO Juan Esteban Taborda Grisales cc 98.672.341 | D5: 3 | E5: folios por ambas caras | F5: NO | G5: APORTADO Jenny Emperatriz Jimenez Carvajal cc 42.873.287 | H5: 4 | I5: Ninguna | J5: NO | K5: APORTADO Dany Acevedo Peña cc 8.162.449 Represente legal suplente | L5: 4 | M5: Ninguna | N5: NO
A6: 3.3.3 | B6: Certificado de existencia y representación legal (Que la fecha de expedición no sea mayor a treinta (30) días calendario anteriores a la fecha de cierre del proceso.) La duración de la persona jurídica no sea inferior al plazo del contrato y tres (3) años más. | C6: APORTADO IMAGROUP COLOMBIA S.A.S NIT. 900.075.108-3 31/08/2026 Termino de duracion INDFINIDA | D6: 4-15 | E6: folios por ambas caras | F6: NO | G6: APORTADO RED LOGISTICA Y GESTION S.A.S NIT. 900.188.352-1 25/08/2026 Termino de duracion INDFINIDA | H6: 5-16 | I6: Ninguna | J6: NO | K6: APORTADO 4E S.A.S NIT. 900.365.212-6 14/08/2026 Termino de duracion INDFINIDA | L6: 5-14 | M6: Ninguna | N6: NO
B7: Si el representante legal tiene limitaciones para comprometer o contratar a nombre de la persona jurídica, deberá presentar copia de los Estatutos, el acta de la Junta de Socios o Junta Directiva en la cual haya sido facultado para presentar la propuesta, y celebrar el contrato en el evento de resultar Adjudicatario. En todo caso, dicha autorización debe ser anterior a la fecha del cierre para la presentación de la propuesta. Certificado de autorización para contratar, cuando aplique | C7: NO APLICA | D7: NA | E7: folios por ambas caras | F7: NO | G7: NO APLICA | H7: NA | I7: Ninguna | J7: NO | K7: NO APLICA | L7: NA | M7: Ninguna | N7: NO
A9: 3.3.4 | B9: Registro Único Tributario-RUT | C9: APORTADO RUT 31/08/2026 | D9: 16-21 | E9: folios por ambas caras | F9: NO | G9: APORTADO RUT 26/08/2026 | H9: 17-21 | I9: Ninguna | J9: NO | K9: APORTADO RUT 14/08/2026 | L9: 15-20 | M9: Ninguna | N9: NO
A10: 3.3.5 | B10: Acreditación Certificación de Pagos de sistema de Seguridad Social Integral y Parafiscales- (Anexo 2) | C10: APORTADO 9/09/2026 Revisor fiscal Mauricio Andres Cardona Suarez CC 98.622.344 TP 76896-T CJCC 31/08/2026 | D10: 22-26 | E10: folios por ambas caras | F10: NO | G10: APORTADO 9/09/2026 Revisor fiscal Nubia Marcela Usma Quintero CC 32.244.052 TP 168.404-T CJCC 9/07/2026 | H10: 22-27 | I10: Ninguna | J10: NO | K10: APORTADO 9/09/2026 Revisor fiscal Andres Bertulfo Florez Gallego CC 71.291.577 TP 146483-T CJCC 9/07/2026 | L10: 21-24 | M10: Ninguna | N10: NO
A11: 3.3.6 | B11: Registro Único de Proponentes – RUP (30 dias calendario) Esta certificación, con la información con corte al 31 de diciembre de 2025 | C11: APORTADO 31/08/2026 | D11: 27-640 | E11: folios por ambas caras | F11: NO | G11: APORTADO 26/08/2026 | H11: Libro 2 1-286 | I11: Ninguna | J11: NO | K11: APORTADO 21/08/2026 | L11: 25-79 | M11: Ninguna | N11: NO
A12: 3.3.7 | B12: Certificado de Procuraduría General de la Nación de la empresa y RL | C12: APORTADO 8/09/2026 Verificado: 10/09/2026 | D12: 641-642 | E12: folios por ambas caras | F12: NO | G12: APORTADO 25/08/2026 Verificado: 10/09/2026 | H12: 30-31 | I12: Ninguna | J12: NO | K12: APORTADO 8/09/2026 Verificado: 10/09/2026 | L12: 80-82 | M12: Ninguna | N12: NO
A13: 3.3.8 | B13: Certificado de Contraloría General de la Nación de la empresa y del RL | C13: APORTADO 8/09/2026 Verificado: 10/09/2027 | D13: 643-644 | E13: folios por ambas caras | F13: NO | G13: APORTADO 25/08/2026 Verificado: 10/09/2026 | H13: 32-34 | I13: Ninguna | J13: NO | K13: APORTADO 8/09/2026 Verificado: 10/09/2026 | L13: 83-85 | M13: Ninguna | N13: NO
A14: 3.3.9 | B14: Certificado de antecedentes judiciales | C14: APORTADO 8/09/2026 Verificado: 10/09/2028 | D14: 645-646 | E14: folios por ambas caras | F14: NO | G14: APORTADO 25/08/2026 Verificado: 10/09/2026 | H14: 35 | I14: Ninguna | J14: NO | K14: APORTADO 8/09/2026 Verificado: 10/09/2026 | L14: 87-88 | M14: Ninguna | N14: NO
A15: 3.3.10 | B15: Certificado del Registro Nacional de Medidas Correctivas-RNMC, donde conste que a la persona o representante legal no le han sido impuestas multas por infracción del Código de Policía o, si presenta multas | C15: APORTADO 8/09/2026 Verificado: 10/09/2029 | D15: 647-648 | E15: folios por ambas caras | F15: NO | G15: APORTADO 25/08/2026 Verificado: 10/09/2026 | H15: 37-41 | I15: Ninguna | J15: NO | K15: APORTADO 8/09/2026 Verificado: 10/09/2026 | L15: 88-90 | M15: Ninguna | N15: NO
A16: 3.3.11 | B16: Certificado de la Consulta de Inhabilidades de la Ley 1918 de 2018 | C16: APORTADO 8/09/2026 | D16: 649 | E16: folios por ambas caras | F16: NO | G16: APORTADO 28/08/2026 | H16: 42 | I16: Ninguna | J16: NO | K16: APORTADO 8/09/2026 | L16: 91-92 | M16: Ninguna | N16: NO
A17: 3.3.12 | B17: Certificado REDAM | C17: APORTADO 8/09/2026 | D17: 650 | E17: folios por ambas caras | F17: NO | G17: APORTADO 26/08/2026 | H17: 43 | I17: Ninguna | J17: NO | K17: APORTADO 8/09/2026 | L17: 93-94 | M17: Ninguna | N17: NO
A18: 3.3.13 | B18: Diligenciar formato de autorización de tratamiento de datos personales (anexo 3) | C18: APORTADO 09/09/2026 | D18: 651 | E18: folios por ambas caras | F18: NO | G18: APORTADO 09/09/2026 | H18: 44 | I18: Ninguna | J18: NO | K18: APORTADO 09/09/2026 | L18: 95 | M18: Ninguna | N18: NO
A19: 3.3.14 | B19: Garantía para cubrir los riesgos derivados del incumplimiento del ofrecimiento: El proponente deberá anexar garantía de seriedad de la propuesta, a favor de la EMPRESA PARA LA SEGURIDAD Y SOLUCIONES URBANAS ESU”, con NIT. 890.984.761-8, constituida ante una compañía de seguros o entidad bancaria legalmente establecida en Colombia, o patrimonio autónomo, y que contenga los siguientes aspectos: $2.000.000.000 Vigencia: Tres (3) meses Tomador y/o afianzado: La garantía deberá tomarse con el nombre o razón social que figura en el Certificado de Existencia y Representación Legal expedido por la Cámara de Comercio. Asegurado y beneficiario: Empresa para la Seguridad y Soluciones Urbanas – ESU. Objeto y numero del proceso y lote. Firmas del tomador y de la aseguradora que la expide | C19: SEGUROS DEL ESTADO S.A 18-44--101116713 Fecha de expedicion: 08/09/2026 Vigencia: Desde el 9/9/2026 HASTA 29/12/2026 $200.000.000 a favor de Empresa para la Seguridad y Soluciones Urbanas – ESU Firmado por el tomador y de la aseguradora | D19: 652-660 | E19: folios por ambas caras | F19: NO | G19: SEGUROS DEL ESTADO S.A 18-44-101116713 Fecha de expedicion: 04/09/2026 Vigencia: Desde el 8/9/2026 HASTA 28/12/2026 $200.000.000 a favor de Empresa para la Seguridad y Soluciones Urbanas – ESU Firmado por el tomador y de la aseguradora | H19: 45-53 | I19: Ninguna | J19: NO | K19: SEGUROS DEL ESTADO S.A 18-44-101116742 Fecha de expedicion: 07/09/2026 Vigencia: Desde el 8/9/2026 HASTA 28/12/2026 $200.000.000 a favor de Empresa para la Seguridad y Soluciones Urbanas – ESU Firmado por el tomador y de la aseguradora | L19: 96-105 | M19: Ninguna | N19: NO
A20: 3.3.15 | B20: Documentación para acreditar la implementación del sistema de gestión de seguridad en el trabajo (SG-SST)
B21: Último reporte enviado por la Empresa al Ministerio del Trabajo, en el cumplimiento de estandares mínimos, que contenga la calificación de la evaluación | C21: APORTADO | D21: 661-704 | E21: Se encuentra en el 100% | F21: NO | G21: APORTADO | H21: 54-109 | I21: Se encuentra en el 100% | J21: NO | K21: APORTADO | L21: 106-125 | M21: Se encuentra en el 90.25% | N21: NO
B22: Copia de la designación del responsable del SG-SST. | C22: APORTADO | D22: 661-70 | E22: Designan a Anyely Margarita Rossi A.,Con apoyo de la especialista Diana Muriel M. | F22: NO | G22: APORTADO | H22: 54-109 | I22: DesignanaLidaJimenezC..,ConapoyodelaTecnólogaMartaCardona G. | J22: NO | K22: APORTADO | L22: 106-125 | M22: DesignanaDeisyVivianaGarcia Taborda | N22: NO
B23: Licencia de Seguridad y Salud en el Trabajo del responsable del SG-SST (vigente), de acuerdo con los siguientes parámetros: *Empleadores de 0 a 10 trabajadores y clase de riesgo I, II, III = Técnico SST con un (1) año de experiencia laboral certificada. *Empleadores de 11 a50 trabajadores y clase de riesgo I, II, II I= Tecnólogo SST con dos (2) años de experiencia laboral certificada. *Mas de 50 empleados y clase de riesgo I, II, III, IV, V ó sin tener en cuenta el N de trabajadores, y tiene al menos un trabajador en actividades cuyos niveles de riesgo sean IV o V = Profesional en SST ó Profesional con especialización en SST =No se requiere acreditar experiencia laboral. | C23: APORTADO | D23: 661-704 | E23: Licencia vigente de Daniela Holguin Galeano | F23: NO | G23: APORTADO | H23: 54-109 | I23: Licencia vigente Marta Cardona G.. | J23: NO | K23: APORTADO | L23: 106-125 | M23: Licencia vigente Deisy Viviana Garcia Taborda | N23: NO
B24: Copia del certificado de aprobación del curso virtual de las cincuenta (50) horas del SG-SST de la persona designada como responsible del SG-SST. O actualización del curso (20 horas) | C24: APORTADO | D24: 661-704 | E24: No se aporta, se requiere subsanar 50/20 horas vigentes de Anyeli Rossi A. | F24: Si | G24: APORTADO | H24: 54-109 | I24: Certificado Vencido, resolucion 4927 de 2016., se requiere subsanar 50/20 horas vigentes de Marta Cardona G. | J24: SI | K24: APORTADO | L24: 106-125 | M24: Ninguna | N24: NO
B25: Anexo Certificación número de empleados y tipo(s) de riesgo (s) en la ARL | C25: Certificado donde el contratista detalla el numero de empleados y el tipo de riesgo en la ARL | D25: 661-704 | E25: Ninguna | F25: NO | G25: APORTADO | H25: 54-109 | I25: Ninguna | J25: NO | K25: APORTADO | L25: 106-125 | M25: Ninguna | N25: NO
A26: RESULTADO | C26: INHABILITADO | G26: INHABILITADO | K26: HABILITADO

Sheet 4.4. Fin y Org
A1: 4. CAPÍTULO – REQUISITOS DE PARTICIPACIÓN Y HABILITACIÓN 4.4. CAPACIDAD FINANCIERA Y ORGANIZACIONAL
A2: NOMBRE DEL PROPONENTE | B2: IMAGROUP COLOMBIA S.A.S | C2: RED LOGISTICA Y GESTION S.A.S | D2: 4E S.A.S
A3: Clasificación
A4: NIT | B4: 900075108-3 | C4: 900188352-1 | D4: 900365212-6
A5: Corte de la información financiera | B5: 46022 | C5: 46022 | D5: 46022
A6: Fecha de RUP | B6: 46265 | C6: 46260 | D6: 46255
A7: Activo Corriente | B7: 3 | C7: 25 | D7: 28
A8: Activo Total | B8: 9237304728 | C8: 2942618885
A9: Pasivo Corriente | B9: 154938525 | C9: 272547346
A10: Pasivo Total | B10: 1177166203 | C10: 272547346
A11: Patrimonio Neto | B11: 8060138525 | C11: 2670071539
A12: Utilidad Operacional | B12: 4318704905 | C12: 707217803
A13: Gastos de intereses | B13: 11900000 | C13: 0
A14: Folio | B14: 3 | C14: 25 | D14: 28
A15: LIQUIDEZ | B15: 4.9 | C15: 7.91 | D15: 2.38
A16: ENDEUDAMIENTO | B16: 0.48 | C16: 0.5 | D16: 0.56
A17: CAPITAL DE W | B17: 24841953576 | C17: 7721825556 | D17: 18957527627
A18: % COBERTURA DE INTERESES | B18: 6.37 | C18: 6.12 | D18: 4.59
A19: % RENTABILIDAD DEL PATRIMONIO | B19: 0.346 | C19: 0.2486 | D19: 0.5234
A20: % RENTABILIDAD DEL ACTIVO | B20: 0.1797 | C20: 0.1248 | D20: 0.2311
A21: RESULTADO | B21: HABILITADO | C21: HABILITADO | D21: HABILITADO

Sheet 4.3. Cap Tecnica
B1: 4. REQUISITOS DE PARTICIPACIÓN Y HABILITACIÓN 4.3. CAPACIDAD TÉCNICA | C1: IMAGROUP COLOMBIA S.A.S NIT: 900075108-3 | E1: RED LOGISTICA Y GESTION S.A.S NIT: 900.188.352-1 | G1: 4E S.A.S NIT 900.365.212-6
A2: ITEM | B2: DESCRIPCIÓN REQUISITO | C2: Verificación | D2: Folio | E2: Verificación | F2: Folio | G2: Verificación | H2: Folio
A3: 1 | B3: Registro Nacional de Turismo | C3: Cuenta con registro Nacional de turismo a Imagroup Colombia S.A.S con nit 900075108-3 como "Operadores profesionales de congresos, ferias y convenciones" con fecha de vencimiento 31/03/2027 | D3: 705 | E3: Cuenta con registro Nacional de turismo a Red Logistica y gestión S.A.S con NIT 900188352-1 como "Operadores profesionales de congresos, ferias y convenciones" y "Agencia de viajes" con fecha de vencimiento 31/03/2027 | F3: 111-113 | G3: Con registro Nacional de turismo a 4E S.A.S con nit 900365212-6 como "Operadores profesionales de congresos, ferias y convenciones" con fecha de vencimiento 31/03/2027 | H3: 125
A4: 2 | B4: AnexoN°5 Sede en el Distrito Especial de Ciencia, Tecnología e Innovación de Medellín: Con el fin de tener eficiencia en la operación del servicio y garantizar la disponibilidad de los recursos técnicos, administrativos y logísticos, así como un tiempo de respuesta ágil y oportuno, debido a los tiempos de respuesta esperados en la prestación del servicio, el proponente deberá contar con una sede en el Distrito Especial de Ciencia, Tecnología e Innovación de Medellín. Lo cual será verificable en el certificado de existencia y representación legal (sucursal, agencia o establecimiento de comercio) y/o en el Certificado de Registro mercantil | C4: El proponente presenta Anexo N°5 diligenciado relacionando su sede principal en la dirección tv 42B #63C-20 de Medellín, información verificada en el certificado de existencia y representación legal | D4: 706 Anexo N°5 4-15 Certificado de existencia | E4: El proponente presenta Anexo N°5 diligenciado relacionando su sede principal en la dirección Calle 12 #43F-28 de Medellín, información verificada en el certificado de existencia y representación legal | F4: 114 Anexo N°5 116-127 Certificado de existencia | G4: El proponente presenta Anexo N°5 diligenciado relacionando su sede principal en la dirección Calle10 sur #51A-55 Oficina 108 de Medellín, información verificada en el certificado de existencia y representación legal y en el RUT | H4: 126
A5: 3 | B5: Resolución vigente de acreditación expedida por el DAGRD: acreditado para la prestación de servicios logísticos para actividades y espectáculos, actividades públicas y/o eventos de afluencia masiva de público, en por lo menos uno de los servicios | C5: El proponente presenta documento por medio del cual se actualiza la acreditación del cumplimiento de los requisitos tecnicos a la empresa prestadora de servicios logisticos IMAGROUP S.A.S como prestador de servicios "Personas" con vigencia de dos años contados a partir del 02/10/2024 | D5: 710-713 | E5: El proponente presenta documento por medio del cual se actualiza la acreditación del cumplimiento de los requisitos tecnicos a la empresa prestadora de servicios logisticos Red logistica y gestión S.A.S como prestador de servicios de "Personas, Montajes y estructuras, audio luces y video" con vigencia de dos años contados a partir del 15/10/2024 | F5: 128-131 | G5: El proponente presenta documento con radicado 202630317513 del 30 de junio de 2026 por medio del cual se actualiza la acreditación del cumplimineto de los requisitos tecnicos a la empresa prestadora de servicios logisticos 4E S.A.S como prestador de servicios "Personas: montajes y estructuras: y audio, luces y video" con vigencia de dos años contados a partir del 30/06/2024 | H5: 127-129
B6: RESULTADO | C6: CUMPLE | E6: CUMPLE | G6: CUMPLE

Sheet 4.3.4.Personal Mínimo Requeri
A1: Ejecutivo de cuenta
A2: PROPONENTE | B2: Nombre y apellidos | C2: Anexo N°6 | D2: Hoja de vida. | E2: Documento de Identidad. | F2: Al menos formación tecnólogica en cualquier area avalada por el Ministerio de Educación Nacional. | G2: Información certificado /contrato | H2: Certificados laborales o contractuales | I2: EXPERIENCIA MINIMO 3AÑOS en cargos similares | J2: Gestión y/o atención simultánea de mínimo 2 o más clientes Clientes/cuentas que ha manejado de manera simultánea en el último año | K2: OBSERVACIONES | L2: FOLIO | M2: RESULTADO
A3: IMAGROUP NIT 900075108-3 | B3: Sol Yamile Botero López | C3: Folio 714 Anexo diligenciado | D3: SI | E3: 43765045 | F3: Folio 725-728 Administradora de empresas y finanzas de la corporación Universitaria Remington 15/09/2003 TP 77643 Certifcado del Consejo profesional de Administracion de Empresas del 25/06/2026 | G3: Desde el 15/01/2019 hasta la fecha | H3: IMAGROUP -Directora ejecutiva | I3: 7AÑOS, 8MESES Y 8 DIAS | J3: Cliente 1: Agencia Nacional del espectro desde el 28/05/2026 al 31/12/2026 Cliente 2: ESU desde el 13/09/2024 a la fecha | L3: 714-735 | M3: CUMPLE
A4: RED LOGISTICA Y GESTION S.A.S NIT: 900.188.352-1 | B4: Olga Lucia Useche Perez | C4: Folio 161 Anexo diligenciado | D4: SI | E4: 52.518.845 | F4: Folio 137-140 Administradora de empresas Uninversidad Antonio Nariño 30/08/2000 TP 41824 Certifcado del Consejo profesional de Administracion de Empresas del 17/02/2026 | G4: 1/11/2020 al 30/12/2022 | H4: Travel and Marketing Store S.A.S | I4: 4 AÑOS 5 MESES y 13 DIAS | L4: 132-162 | M4: CUMPLE
G5: 2/01/2023 al 19/03/2024 | H5: Impacto logistico 24/7 | J5: Cliente Fondo Colombia en Paz-FCP desde el 27/03/2024 hasta el 27/11/2024 Jurisdicción Especial para la Paz desde el 1/07/2024 hasta el 31/03/2025
G6: 18/03/2024 al 15/04/2025 | H6: Red logistica
A7: 4E S.A.S NIT 900.365.212-6 | B7: Claudia Isabel Gil Arbelaez | C7: 130 Anexo Diligenciado | D7: SI | E7: 43.629.826 | F7: Folio 133 Administradora de empresas Fundacion Universitaria Luis Amigó 16/12/2010 TP 124.151 Certifcado del Consejo profesional de Administracion de Empresas del 16/07/2026 | G7: 20/10/2026 TERMINO INDEFINIDO | H7: Produtora Ejecutiva de proyectos logisticos | I7: 8 AÑOS Y 9 MESES | J7: Cliente 1:Secretaria de Educacion desde el 11/05/2028 al 30/04/2019 Cliente2:Fondo Nacional del Ahorro 02/04/2018 al 01/04/2019 Cliente 3:Empresa de Transito Masivo del Valle de Aburra 28/11/2022 al 14/12/2024 Cliente 4:Distrito Especial de Medellin 4/10/2024 al 16/06/2025 Cliente 5:ESU desde el 16/09/2024 en ejecucion Cliente 6:Superintendencia de Notariado y Registro del 8/09/2025 al 15/12/2025 | L7: 130-142 | M7: CUMPLE

Sheet 4.3.1. Experiencia
B2: 4. CAPÍTULO – REQUISITOS DE PARTICIPACIÓN Y HABILITACIÓN 4.3. CAPACIDAD TÉCNICA47.3.1 Experiencia Habilitante | D2: 1. Imagroup Colombia S.A.S NIT: 900.075.108-3 | G2: 2. RED LOGISTICA Y GESTION S.A.S NIT: 900.188.352-1 | K2: 4E S.A.S NIT 900.365.212-6
D3: Contrato 1 | E3: Contrato 2 | F3: Observación | G3: Contrato 1 | H3: Contrato 2 | I3: Contrato 3 | J3: Observación | K3: Contrato 1 | L3: Contrato 2 | M3: Contrato 3 | N3: Observacion
B4: Folio | D4: 771-800 | E4: 801-925 | G4: 168-176 | H4: 180-289 | I4: 290-336 | K4: 146-150 | L4: 151-169 | M4: 170-180
B5: Se estiman hasta 3 contratos ejecutados y terminados dentro de los últimos cinco (5) años, cuyo objeto y/o alcance y/o actividades contemplen la operación logística y atención de eventos para entidades públicas, privadas u organismos internacionales, este último en el territorio nacional, contados hasta la fecha de cierre de la solicitud pública de ofertas. | D5: Inicio 02/08/2024 al 18/07/2025 | E5: Inicio 16/07/2023 al 16/01/2025 | G5: Inicio 27/03/2024 al 27/11/2024 | H5: Inicio 1/07/2024 al 31/03/2025 | I5: Inicio 4/05/20222 a 31/12/2022 | K5: 14/06/2024 al 31/10/2025 | L5: 28/02/2024 al 12/12/2025 | M5: 7/5/2024 al 20/11/2025
B6: La experiencia se acreditará con máximo tres (3) contratos ejecutados, cuya sumatoria del valor ejecutado sea igual o superior a diez mil (10.000) SMMLV | D6: =40682.23*35% -> 14238.781 | E6: 5942.04 | F6: Acredita 20.180,82 SMMLV | G6: 15384.45 | H6: 9258.28 | I6: =1240.12*50% -> 620.06 | J6: Acredita 25.262,79 SMMLV | K6: 8309.18 | L6: 6961.17 | M6: 897.9 | N6: Acredita 16.168 SMMLV
B7: • Entidad contratante. Nombre del Contratista. • Número y objeto del contrato. • Descripción de las obligaciones relacionadas con el objeto del presente proceso de licitación pública. • Porcentaje de participación si el contrato fue ejecutado en Consorcio o Unión Temporal. Clasificación UNSPSC. • Subregión del departamento de Antioquia. • Fecha, firma y cargo del funcionario que expide la certificación. | D7: Operación de mercado 62869744 del 25 de julio de 2024 Correagro s.a/Ministerio de Educación UT por la Educación 2024 35% participación | E7: Contrato 835-2023 Patrimonio autonomo Fondo Colombia en Paz | F7: Teniendo en cuenta que es por bolsa, es el comisionista vendedor quien certifica | G7: Contrato 528-2024 Consorcio Fondo Colombia en Paz 2019 | H7: Contrato JEP-1000-2024 Justicia Espcial para la paz | I7: Contrato 7232022 Agencia de desarrollo rural -ADR | K7: Suministros de bienes y/o servicios para la operación logística de todo tipo de eventos, incluye la planeación, organización, producción, operación de servicios artísticos y realización de eventos y actividades coordinados organizados y/o administrados por Plaza Mayor Medellín S.A. | L7: Operación logística, bienes y servicios. | M7: Prestación de servicios de operación logística y suministros de bienes y/o servicios que se requieran para desarrollar y ejecutar todo tipo de eventos coordinados, organizados y/o administrados por la Empresa de Parques y Eventos de Antioquia – ACTIVA.”
B8: Contratos certificados inscritos en el RUP codigo: 78111800 78111500 80111600 80141600 80141700 80141900 80161500 81141600 82101500 82101600 82101800 90101500 90101800 90101600 90151800 90111500 90131500 90111600 90111800 90121700 93141500 93141700 95131500 | D8: 78111800 80111600 80141600 80161500 81141600 82101600 82101800 90101500 90151800 90111500 90131500 90121700 | E8: 78111500 80111600 80141700 80141900 82101600 82101800 90101500 90111500 90101800 90101600 90151800 90131500 90111600 90111800 90121700 93141500 | G8: 78111800 80111600 80141600 81141600 82101500 82101600 90101500 90151800 90131500 90111600 90111800 90121700 93141500 93141700 95131500 | H8: 78111800 78111500 80111600 80141600 80141700 80141900 80161500 81141600 82101500 82101600 82101800 90101500 90101800 90101600 90151800 90111500 90131500 90111600 90111800 90121700 93141500 93141700 95131500 | I8: 78111800 78111500 80111600 80141600 80141700 80141900 80161500 81141600 82101500 82101600 82101800 90101500 90101800 90101600 90151800 90111500 90131500 90111600 90111800 90121700 93141500 93141700 95131500 | K8: 78111800, 78111500, 80111600, 80141600, 80141700, 80141900, 80161500, 81141600, 82101500, 82101600, 82101800, 90101500, 90101800, 90101600, 90151800, 90111500, 90131500, 90111600, 90111800, 90121700, 93141500, 93141700, 95131500 | L8: 78111800, 78111500, 80111600, 80141600, 80141700, 80141900, 80161500, 81141600, 82101500, 82101600, 82101800, 90101500, 90101800, 90101600, 90151800, 90111500, 90131500, 90111600, 90111800, 90121700, 93141500, 93141700, 95131500 | M8: 78111800, 78111500, 80111600, 80141600, 80141700, 80141900, 80161500, 81141600, 82101500, 82101600, 82101800, 90101500, 90101800, 90101600, 90151800, 90111500, 90131500, 90111600, 90111800, 90121700, 93141500, 93141700, 95131500
B9: Anexo N° 7 | D9: 769-770 | E9: 769-770 | G9: 163-165 | H9: 163-165 | I9: 163-165 | K9: 143-144 | L9: 143-144 | M9: 143-144
B11: Comentario
B12: RESULTADO | D12: HABILITADO | G12: HABILITADO | K12: HABILITADO

Sheet 4.3.11.compora Innovadora
A1: 4. REQUISITOS DE PARTICIPACIÓN Y HABILITACIÓN 4.3. CAPACIDAD TÉCNICA: 7, Cumplimineto compra publica innovadora, sostenible y socialmente responsable | B1: IMAGROUP COLOMBIA S.A.S NIT: 900075108-3 | D1: RED LOGISTICA Y GESTION S.A.S NIT: 900.188.352-1 | F1: 4E S.A.S NIT 900.365.212-6
A2: DESCRIPCIÓN REQUISITO | B2: Anexo | C2: Folio | D2: Anexo | E2: Folio | F2: Anexo | G2: Folio
A3: Criterios de sostenibilidad ambiental: El interesado en participar deberá incluir en la propuesta documento suscrito por el representante legal en el que certifique que durante la ejecución de la alianza se compromete a realizar todas las acciones necesarias cuando de lugar para reducir y minimizar el impacto ambiental negativo en virtud de los servicios prestados, y aportará las evidencias correspondientes en los informes de ejecución | B3: Proponente presenta anexoN°11 diligenciado | C3: 927 | D3: Proponente presenta anexoN°11 diligenciado | E3: 339-356 | F3: Proponente presenta anexoN°11 diligenciado | G3: 181-182
A4: Socialmente responsable: El proponente debe incluir en la propuesta documento suscrito por el representante legal donde plasme su compromiso claro y expreso de implementar el plan de capacitación, política y procedimiento en temáticas relacionadas con derechos humanos para su personal y partes vinculantes e interesadas, en todas las actuaciones que realicen con ocasión al proceso contractual durante su ejecución. En caso, que cuente con el plan, política y procedimiento deberá indicar la fecha de creación, la versión vigente y la fecha(s) de divulgación aportando las evidencias correspondientes. | B4: Proponente presenta anexoN°12 diligenciado | C4: 926 | D4: Proponente presenta anexoN°12 diligenciado | E4: 358 | F4: Proponente presenta anexoN°12 diligenciado | G4: 183
A5: RESULTADO | B5: CUMPLE | D5: CUMPLE | F5: CUMPLE

Sheet 4. Evaluación
A1: 4. CAPITULO - EVALUACIÓN DE LAS PROPUESTAS Y SELECCIÓN DE ALIADOS PROVEEDORES 4.5. FACTORES DE EVALUACIÓN
A2: Factor de Evaluación | B2: IMAGROUP COLOMBIA S.A.S NIT: 900075108-3 | C2: RED LOGISTICA Y GESTION S.A.S NIT: 900.188.352-1 | D2: 4E S.A.S NIT 900.365.212-6
A3: Factor Económico | B3: ='4.5.1. Económico'!E4 -> 405 | C3: ='4.5.1. Económico'!H4 -> 405 | D3: ='4.5.1. Económico'!K4 -> 405
A4: Capacidad operativa de transporte y movilización | B4: ='4.5.2.1. Cap trans'!E21 -> 225 | C4: ='4.5.2.1. Cap trans'!I21 -> 86 | D4: ='4.5.2.1. Cap trans'!M21 -> 260
A5: Capacidad logística y operativa | B5: ='4.5.2.2 Cap territorio'!H12 -> 200 | C5: ='4.5.2.2 Cap territorio'!N12 -> 150 | D5: ='4.5.2.2 Cap territorio'!T12 -> 200
A6: Estímulo a la Industria Nacional Colombiana | B6: ='4.5.3, 4.5.4 y 4.5.5'!C5 -> 100 | C6: ='4.5.3, 4.5.4 y 4.5.5'!I5 -> 100 | D6: ='4.5.3, 4.5.4 y 4.5.5'!M5 -> 100
A7: Personal con Discapacidad | B7: ='4.5.3, 4.5.4 y 4.5.5'!C4 -> 30 | C7: ='4.5.3, 4.5.4 y 4.5.5'!I4 -> 30 | D7: ='4.5.3, 4.5.4 y 4.5.5'!M4 -> 30
A8: Emprendimiento y Empresa de Mujeres | B8: ='4.5.3, 4.5.4 y 4.5.5'!E3 -> 5 | C8: ='4.5.3, 4.5.4 y 4.5.5'!I3 -> 0 | D8: ='4.5.3, 4.5.4 y 4.5.5'!M3 -> 5
A9: TOTAL PUNTOS | B9: =SUM(B3:B8) -> 965 | C9: =SUM(C3:C8) -> 771 | D9: =SUM(D3:D8) -> 1000

Sheet 4.5.1. Económico
A1: 4. CAPITULO - EVALUACIÓN DE LAS PROPUESTAS Y SELECCIÓN DE ALIADOS PROVEEDORES 4.5. FACTORES DE EVALUACIÓN 4.5.1. Factor Económico | D1: IMAGROUP COLOMBIA S.A.S NIT: 900.075.108-3 | G1: RED LOGISTICA Y GESTION S.A.S NIT: 900.188.352-1 | J1: 4E S.A.S NIT 900.365.212-6
A2: ÍTEM | B2: REQUERIMIENTO | C2: PUNTAJE MAXIMO EVALUABLE | D2: % | E2: Puntos | F2: Folio | G2: % | H2: Puntos | I2: Folio | J2: % | K2: Puntos | L2: Folio
A3: A | B3: Porcentaje base de descuento será del cuatro por ciento (4%), por lo cual los proponentes deberán presentar su oferta para este criterio a partir de dicho porcentaje, pudiendo ofertar hasta un máximo del veinte por ciento (20%) para efectos de la asignación de puntaje | C3: 405 | D3: 0.07 | E3: 405 | F3: 928 | G3: 0.07 | H3: 405 | I3: 359 | J3: 0.07 | K3: 405 | L3: 185
A4: TOTAL | D4: - | E4: =+E3 -> 405 | F4: - | G4: - | H4: =+H3 -> 405 | I4: - | J4: - | K4: =+K3 -> 405 | L4: -

Sheet 4.5.2.1. Cap trans
A1: 4. CAPITULO - EVALUACIÓN DE LAS PROPUESTAS Y SELECCIÓN DE ALIADOS PROVEEDORES 4.5. FACTORES DE EVALUACIÓN 4.5.2.1. Personal adicional (120puntos) | C1: IMAGROUP COLOMBIA S.A.S NIT: 900075108-3 | G1: RED LOGISTICA Y GESTION S.A.S NIT: 900.188.352-1 | K1: 4E S.A.S NIT 900.365.212-6
A2: CAPACIDAD TÉCNICA | C2: Descrición | D2: folio | E2: puntos | F2: OBSERVACION | G2: Descrición | H2: folio | I2: puntos | J2: OBSERVACION | K2: Descrición | L2: folio | M2: puntos | N2: OBSERVACION
A3: Vehiculo 1 | B3: año modelo, su clase o tipo | C3: Vehiculo tipo furgón para transporte de carga Modelo 2015 | D3: 956-957 | E3: 208 | G3: Vehiculo tipo furgón para transporte de carga Modelo 2025 | H3: 397 | I3: 86 | K3: Vehiculo tipo furgón para transporte de carga Modelo 2024 | L3: 194 | M3: 260
B4: Titularidad | C4: Lida Shirley Olarte/ Alianza comercial AS Transportes | D4: 931-932 | G4: Angel Maria Rojas Roa/ Contrato de arrendamiento | H4: 387-396 | K4: Pimienta catering y eventos /Contrato de renting (arrendamiento) | L4: 189-193
B5: SOAT Vigente | C5: Si- Hasta el 16/10/2026 | D5: 958 | G5: Si- Hasta el 24/06/207 | H5: 412 | K5: Si, hasta el 31/08/2027
B6: Matricula | C6: 10029856658 | D6: 956-957 | G6: 10034721905 | H6: 397 | K6: 10029935034 | L6: 194
B7: Placa | C7: WFH133 | G7: PRZ034 | K7: LKO962
B8: Anexo | C8: Item 1 | D8: 929-930 | G8: Item 2 | H8: 360-361 | K8: Item 1 | L8: 186
A9: Vehiculo 2 | B9: año modelo, su clase o tipo | C9: Vehiculo tipo furgón para transporte de carga Modelo 2019 | D9: 964 | E9: 225 | G9: Vehiculo tipo estacas para transporte de carga Modelo 2025 | H9: 410 | I9: 0 | J9: No se asigna puntaje debido a que para tres vehiculos solo se podia presentar 1 de estacas y para dos debian ser ambos tipo furgon | K9: Vehiculo tipo furgón para transporte de carga Modelo 2024 | L9: 201 | M9: 260
B10: Titularidad | C10: AS Transportes/ Alianza comercial AS Transportes | D10: 931-932 | G10: Ruben Suarez Montaña/ Contrato de arrendamiento | H10: 399-408 | K10: Davivienda /Contrato de leasing | L10: 197-200
B11: SOAT Vigente | C11: Si hasta el 29/04/2027 | D11: 965 | G11: Si- Hasta el 18/12/2026 | K11: Si, hasta el 26/02/2027 | L11: 202
B12: Matricula | C12: 10030550775 | D12: 964 | G12: 10033555375 | H12: 410 | K12: 10030521741 | L12: 201
B13: Placa | C13: KMZ248 | G13: NNM240 | K13: NLV899
B14: Anexo | C14: Item 2 | D14: 929-930 | G14: Item 3 | H14: 360-361 | K14: Item 2 | L14: 186
A15: Vehiculo 3 | B15: año modelo, su clase o tipo | C15: Vehiculo tipo Estaca Modelo 2021 | D15: 960-961 | E15: 242 | G15: Vehiculo tipo Estaca Modelo 2026 | H15: 362-363 | I15: 0 | J15: No se asigna puntaje debido a que para tres vehiculos solo se podia presentar 1 de estacas y para dos debian ser ambos tipo furgon | K15: Vehiculo tipo furgón para transporte de carga Modelo 2027 | M15: 260
B16: Titularidad | C16: Jorge Humberto Hurtado Lopez/ Alianza comercial AS Transportes | D16: 931-932 | G16: GPL Marketing eventos S.A.S/ Contrato de arrendamiento | H16: 374-383 | K16: Davivienda /Contrato de leasing | L16: 204-207
B17: SOAT Vigente | C17: Si hasta el 18/03/2027 | D17: 962 | F17: Con el documento adjunto se verifica en el RUNT dicha información | G17: Si hasta el 19/05/2027 | H17: 364 | K17: Si, hasta el 04/05/2027 | L17: 218
B18: Matricula | C18: 1022518502 | D18: 960-961 | G18: 10034544922 | H18: 362-363 | K18: 10038787032 | L18: 217
B19: Placa | C19: EST530 | G19: NNN099 | H19: 364 | K19: PUP121
B20: Anexo | C20: Item 3 | D20: 929-930 | G20: Item 1 | H20: 360-361 | K20: Item 3 | L20: 186
A21: TOTAL | E21: =AVERAGE(E3:E20) -> 225 | I21: =I3 -> 86 | M21: =AVERAGE(M3:M20) -> 260

Sheet 4.5.2.2 Cap territorio
A1: 4. CAPITULO - EVALUACIÓN DE LAS PROPUESTAS Y SELECCIÓN DE ALIADOS PROVEEDORES 4.2. FACTORES DE EVALUACIÓN 4.5.2.1.2 ACTIVIDADES MENORES SIN COSTOl (80puntos) | D1: IMAGROUP COLOMBIA S.A.S NIT: 900075108-3 | J1: RED LOGISTICA Y GESTION S.A.S NIT: 900.188.352-1 | P1: 4E S.A.S NIT 900.365.212-6
A2: ÍTEM | B2: CAPACIDAD TÉCNICA | C2: PUNTAJE MAXIMO EVALUABLE | D2: Descripción | E2: Subregion | F2: Fecha | G2: folio | H2: puntos | I2: Observación | J2: Descripción | K2: Subregion | L2: Fecha | M2: folio | N2: puntos | O2: Observación | P2: Descripción | Q2: Subregion | R2: Fecha | S2: folio | T2: puntos | U2: Observación
A3: Capacidad de ejecución de eventos en un mismo periodo de tiempo dado que durante la ejecución del acuerdo marco resultante se podrá requerir un alto volumen de realización de eventos continuos en diferentes lugares. Para acreditar este requisito se deberá aportar hasta nueve (9) certificados de contratos ejecutados y terminados en los que se evidencie la atención de los eventos/actividades en las respectivas subregiones de Antioquia. | B3: Subregión 1 | C3: 100 | D3: Contrato 835-2023 Evento 710-Asambleas comunitarias Antioquia Ruta de implementación PNIS Anorí | E3: Nordeste | F3: 17/10/2024 a 21/10/2024 | G3: 1293 | H3: 200 | I3: teniendo en cuenta lo relacionado en el pliego "Una misma subregión será contabilizada una sola vez, independientemente del número de contratos o eventos ejecutados en los municipios que la integran." no son tenidos en cuenta los eventos del contrato 314 debido a que se ejecutan en subregiones ya evaluadas (Valle de Aburra, bajo Cauca y oriente) | J3: Contrato 528 -2024/Actividad 14 Realizar jornada de trabajo en el marco de la revisión y actualización de los planes de acción para la transformación Regional -PATR-Carepa | K3: Uraba | L3: 08/04/2024 a 12/04/2024 | M3: 168-170 | N3: 150 | O3: La revisión se realiza en el medio magnetico, porque el documento fisico no es posible leerlo | P3: Contrato 4600003756 Rendición de cuentas departamental, evento realizado en simultaneo en los 125 municipios del departamento de Antioquia | Q3: 9 subregiones | R3: 42240 | S3: 222-224 | T3: 200 | U3: Certificado menciona explicitamente simultaneidad en los 125 municipios de Antioquia
B4: Subregión 2 | D4: Contrato 835-2023 Evento 710-Asambleas comunitarias Antioquia Ruta de implementación PNIS Anorí | E4: Norte | F4: 14/10/2024 a 18/10/2024 | G4: 1293 | J4: Contrato 528 -2024/Actividad 17 Desarrollo de espacio para la revisión y actualización del PATR-Yondo | K4: Magdalena Medio | L4: 08/04/2024 a 13/04/2025 | M4: 168-170
B5: Subregión 3 | D5: OMA 62869744 del 25 de julio de 2024 Evento 316-Bagre Antioquia-Segundo taller para exploración de centro de interes con enfoque audiovisual | E5: Bajo Cauca | F5: 15/10/2024 a 17/10/2024 | G5: 1168 | J5: Contrato 528 -2024/Actividad 28 Realizar jornada de trabajo en el marco de la revisión y actualización de los planes de acción para la transformación Regional -PATR--Dabeiba | K5: Occidente | L5: 08/04/2024 a 12/04/2025 | M5: 168-170
B6: Subregión 4 | C6: 150 | D6: OMA 62869744 del 25 de julio de 2024 Evento 313-Bello Antioquia-Encuentro territorial de poder pedagogico popular-Apuestas del VEPBM | E6: Valle de Aburrá | F6: 16/10/2024 a 18/10/2024 | G6: 1167 | J6: Contrato 528 -2024/Actividad 41 Realizar encuentro municipal para la revisióny actualización de los PATR en el municipio de Remedios | K6: Nordeste | L6: 08/04/2024 a 13/04/2025 | M6: 168-170
B7: Subregión 5 | D7: OMA 62869744 del 25 de julio de 2024 Evento 314-Rionegro Antioquia-Encuentro territorial de poder pedagogico popular-Apuestas del VEPBM | E7: Oriente | F7: 17/10/2024 a 19/10/2024 | G7: 1167 | J7: Contrato 528 -2024/Actividad 53 Realizar encuentro municipal para la revisióny actualización de los PATR en el municipio de Ituango | K7: Norte | L7: 15/04/2024 a 20/04/2025 | M7: 168-170
B8: Subregión 6 | D8: OMA 62869744 del 25 de julio de 2024 Evento 207-Apartado Antioquia-Encuentro territorial de poder pedagogico popular-Apuestas del VEPBM | E8: Uraba | F8: 25/09/2024 a 27/09/2024 | G8: 1165 | J8: Contrato 528 -2024/Actividad 50 Realizar encuentro municipal para la revisióny actualización de los PATR en el municipio de Caceres | K8: Bajo Cauca | L8: 15/04/2024 a 20/04/2026 | M8: 168-170
B9: Subregión 7 | C9: 200 | D9: OMA 62869744 del 25 de julio de 2024 Evento 212 Jardin Antioquia- Noveno festival de Jardin La sociedad liquida individuos solitarios una libertad sin mundo | E9: Suroeste | F9: 25/09/2024 a 30/09/2024 | G9: 1165
B10: Subregión 8
B11: Subregión 9
A12: TOTAL | H12: =SUM(H3:H10) -> 200 | N12: =SUM(N3:N10) -> 150 | T12: =SUM(T3:T10) -> 200

Sheet 4.5.3, 4.5.4 y 4.5.5
A1: ITEM | B1: CRITERIO | C1: PUNTAJE MAXIMO EVALUABLE | D1: IMAGROUP COLOMBIA S.A.S NIT: 900075108-3 | H1: RED LOGISTICA Y GESTION S.A.S NIT: 900.188.352-1 | L1: 4E S.A.S NIT 900.365.212-6
D2: APORTO | E2: PUNTAJE | F2: FOLIO | G2: OBSERVACIONES | H2: APORTO | I2: PUNTAJE | J2: FOLIO | K2: OBSERVACIONES | L2: APORTO | M2: PUNTAJE | N2: FOLIO | O2: OBSERVACIONES
A3: 4.5.3 | B3: Emprendimientos y empresas de mujeres | C3: 5 | D3: Si | E3: 5 | F3: 1338-1340 | G3: Se presenta certificado suscrito por el representante legal y el revisor fiscal donde relacionan las personas que conforman los cargos de nivel directivo, el número de mujeres y el tiempo de vinculación. Adjunta copia cedulas, certificado laboral y seguridad social del ultimo año | H3: Incompleto | I3: 0 | J3: 488-514 | K3: Falta la seguridad social del mes de agosto | L3: si | M3: 5 | N3: 269-310
A4: 4.5.4 | B4: Personal con discapacidad | C4: 30 | D4: si | E4: 30 | F4: 1309-1325 | G4: Aporta Certificado de vinculación de trabajadores con discapacidad 0185 donde certifica numero total detrabajadores 9 y 2 trabajadores con discapacidad | H4: Si | I4: 30 | J4: 461-487 | K4: Aporta Certificado de vinculación de trabajadores con discapacidad 0185 donde certifica numero total detrabajadores 9 y 2 trabajadores con discapacidad | L4: si | M4: 30 | N4: 232-268
A5: 4.5.5 | B5: Estímulo a la industria Nacional Colombiana | C5: 100 | D5: Si | E5: 100 | F5: 1308 | H5: Si | I5: 100 | J5: 460 | L5: Si | M5: 100 | N5: 225
A6: TOTAL | C6: =SUM(C3:C5) -> 135 | E6: =SUM(E5:E5) -> 100 | I6: =SUM(I3:I5) -> 130 | M6: =SUM(M5:M5) -> 100
